 Dungeon Crawl Stone Soup version 0.26.1-11-gd32895ea62 (webtiles) character file.

Game seed: 17800599871041013292

101 Elvor the Grasshopper (level 4, -4/38 HPs)
             Began as a Gnoll Warper on July 2, 2021.
             Blown up by Ijyb (10 damage)
             ... with a disintegration bolt
             ... on level 4 of the Dungeon.
             The game lasted 00:21:42 (2693 turns).

Elvor the Grasshopper (Gnoll Warper)                Turns: 2693, Time: 00:21:43

Health: -4/38      AC:  5    Str: 14    XL:     4   Next: 75%
Magic:  11/11      EV: 14    Int: 16    God:
Gold:   133        SH:  0    Dex: 14    Spells: 11/13 levels left

rFire    . . .     SeeInvis .   g - +1 whip (elec)
rCold    + . .     Faith    .   (no shield)
rNeg     . . .     Spirit   .   l - +2 leather armour {rC+}
rPois    .         Reflect  .   (no helmet)
rElec    .         Harm     .   (no cloak)
rCorr    .         Rampage  .   (no gloves)
Will     .....                  (no boots)
Stlth    ++........             (no amulet)
HPRegen  0.12/turn              (no ring)
MPRegen  0.12/turn              s - ring of stealth

@: no status effects
A: distributed training, fangs 1, strong nose
a: no special abilities


You were on level 4 of the Dungeon.
You visited 1 branch of the dungeon, and saw 4 of its levels.

You collected 133 gold pieces.

Inventory:

Hand Weapons
 g - a +1 whip of electrocution (weapon)
 o - a +0 hunting sling
 t - a +0 flail
 u - a +0 morningstar
Missiles
 e - 5 boomerangs of dispersal
 j - 124 stones
 n - 9 poisoned darts (quivered)
 q - 15 sling bullets
Armour
 l - a +2 leather armour of cold resistance (worn)
 p - +0 fire dragon scales
Jewellery
 s - a ring of stealth (right hand)
Wands
 x - a wand of acid (8)
Scrolls
 b - 2 scrolls of noise {unknown}
 c - 3 scrolls of remove curse
 d - a scroll of blinking
 k - 2 scrolls of enchant armour {unknown}
 v - a scroll of magic mapping {unknown}
Potions
 a - a potion of curing
 f - a potion of heal wounds
 h - 2 potions of berserk rage
 i - a potion of haste {unknown}
 m - a potion of resistance {unknown}
 r - 2 potions of magic
 w - a potion of brilliance {unknown}


   Skills:
 + Level 4.7 Fighting
 + Level 1.2 Short Blades
 + Level 1.2 Long Blades
 + Level 1.2 Axes
 + Level 4.7 Maces & Flails
 + Level 1.2 Polearms
 + Level 1.2 Staves
 + Level 1.2 Slings
 + Level 1.2 Bows
 + Level 1.2 Crossbows
 + Level 2.8 Throwing
 + Level 2.8 Armour
 + Level 4.7 Dodging
 + Level 1.2 Stealth
 + Level 1.2 Shields
 + Level 1.2 Unarmed Combat
 + Level 5.1 Spellcasting
 + Level 1.0 Conjurations
 + Level 1.0 Hexes
 + Level 1.0 Summonings
 + Level 1.0 Necromancy
 + Level 5.5 Translocations
 + Level 1.0 Transmutations
 + Level 1.0 Fire Magic
 + Level 1.0 Ice Magic
 + Level 1.0 Air Magic
 + Level 1.0 Earth Magic
 + Level 1.0 Poison Magic
 + Level 1.3 Invocations
 + Level 1.2 Evocations


You had 11 spell levels left.
You knew the following spells:

 Your Spells              Type           Power        Failure   Level
a - Blink                 Tloc           N/A          3%          2

Your spell library contained the following spells:

 Spells                   Type           Power        Failure   Level
 Gell's Gravitas          Tloc           10%          6%          3
 Lesser Beckoning         Tloc           10%          6%          3
 Teleport Other           Tloc           21%          6%          3
 Passage of Golubria      Tloc           N/A          19%         4


Dungeon Overview and Level Annotations

Branches:
Dungeon (4/15)
 Temple: D:4-7

Altars:
Hepliaklqana
Uskayaw

Annotations:
D:4 Ijyb


Innate Abilities, Weirdness & Mutations

Your experience applies equally to all skills.
You have very sharp teeth.
Your uncanny sense of smell can sniff out nearby items.


Message History

Throw: 12 darts (poison)
Press: ? - help, Q - select action, (/) - cycle Shift-Dir - straight line, f/p - Ijyb
Aim: Ijyb, wearing a +0 chain mail and carrying a wand of disintegration (16) (lightly wounded, poisoned, 62% to hit)
You throw a poisoned dart.
The poisoned dart completely misses Ijyb.
Ijyb zaps a wand.
You are blasted!
Ouch! That really hurt!
* * * LOW HITPOINT WARNING * * *
Throw: 11 darts (poison)
Press: ? - help, Q - select action, (/) - cycle Shift-Dir - straight line, f/p - Ijyb
Aim: Ijyb, wearing a +0 chain mail and carrying a wand of disintegration (15) (lightly wounded, poisoned, 62% to hit)
You throw a poisoned dart. The poisoned dart barely misses Ijyb.
Throw: 10 darts (poison)
Press: ? - help, Q - select action, (/) - cycle Shift-Dir - straight line, f/p - Ijyb
Aim: Ijyb, wearing a +0 chain mail and carrying a wand of disintegration (15) (lightly wounded, poisoned, 62% to hit)
You throw a poisoned dart. The poisoned dart hits Ijyb.
Ijyb looks even sicker.
Ijyb is lightly wounded.
Ijyb zaps a wand.
You barely resist.
Ijyb zaps a wand.
You are blasted!
You die...

......... #....g.<.
##......# ##.....# ###
#.....## #.#####.....#
##.##......## ##........#
#.......@## ##.......# ..
##......## ... ##......###
##... #........### #....
#..........### ##....
#.....##.....####.....
#####....######...........
#.##....## ###.........


You could see Ijyb (poisoned).

Vanquished Creatures
  2 adders (D:3)
  An ooze (D:1)
  2 worms
  2 dart slugs
  2 leopard geckos (D:3)
  5 orcs (D:3)
  4 bats
  3 giant cockroaches (D:1)
  9 goblins
  9 hobgoblins
  A quokka (D:2)
  3 ball pythons
  7 frilled lizards
  6 kobolds
  4 rats
60 creatures vanquished.

Notes
Turn   | Place    | Note
-------+----------+-------------------------------------------
     0 | D:1      | Elvor the Gnoll Warper began the quest for the Orb.
     0 | D:1      | Reached XP level 1. HP: 20/20 MP: 6/6
   367 | D:1      | Reached XP level 2. HP: 26/26 MP: 7/7
   625 | D:1      | Reached skill level 5 in Spellcasting
   625 | D:1      | Reached XP level 3. HP: 31/31 MP: 7/9
  1001 | D:2      | Reached skill level 1 in Invocations
  1067 | D:2      | Found a hazy altar of Hepliaklqana.
  1074 | D:2      | Found a hide-covered altar of Uskayaw.
  1096 | D:2      | Learned a level 2 spell: Blink
  1366 | D:2      | Reached skill level 1 in Short Blades
  1366 | D:2      | Reached skill level 1 in Long Blades
  1366 | D:2      | Reached skill level 1 in Axes
  1366 | D:2      | Reached skill level 1 in Polearms
  1366 | D:2      | Reached skill level 1 in Staves
  1366 | D:2      | Reached skill level 1 in Slings
  1366 | D:2      | Reached skill level 1 in Bows
  1366 | D:2      | Reached skill level 1 in Crossbows
  1366 | D:2      | Reached skill level 1 in Stealth
  1366 | D:2      | Reached skill level 1 in Shields
  1366 | D:2      | Reached skill level 1 in Unarmed Combat
  1366 | D:2      | Reached skill level 1 in Evocations
  1686 | D:3      | Reached XP level 4. HP: 38/38 MP: 11/11
  2088 | D:3      | Reached skill level 1 in Conjurations
  2088 | D:3      | Reached skill level 1 in Hexes
  2088 | D:3      | Reached skill level 1 in Summonings
  2088 | D:3      | Reached skill level 1 in Necromancy
  2088 | D:3      | Reached skill level 1 in Transmutations
  2088 | D:3      | Reached skill level 1 in Fire Magic
  2088 | D:3      | Reached skill level 1 in Ice Magic
  2088 | D:3      | Reached skill level 1 in Air Magic
  2088 | D:3      | Reached skill level 1 in Earth Magic
  2088 | D:3      | Reached skill level 1 in Poison Magic
  2684 | D:4      | Noticed Ijyb
  2693 | D:4      | Blown up by Ijyb

Illustrated notes

Levels and vault maps discovered:
D:1:      eino_arrival_water_star, layout_basic
D:2:      layout_rooms, minitemple, grunt_decor_one_mirror,
          minmay_goblin_outpost
D:3:      layout_basic, minivault_11
D:4:      layout_layer_cave, grunt_temple_overflow_forces_of_nature, uniq_ijyb

Skill      XL: |  1  2  3  4 |
---------------+-------------+-----
Spellcasting   | 5 |  5.1
Invocations    | 1 |  1.3
Short Blades   | 1 |  1.2
Long Blades    | 1 |  1.2
Axes           | 1 |  1.2
Polearms       | 1 |  1.2
Staves         | 1 |  1.2
Slings         | 1 |  1.2
Bows           | 1 |  1.2
Crossbows      | 1 |  1.2
Stealth        | 1 |  1.2
Shields        | 1 |  1.2
Unarmed Combat | 1 |  1.2
Evocations     | 1 |  1.2
Conjurations   | 1 |  1.0
Hexes          | 1 |  1.0
Summonings     | 1 |  1.0
Necromancy     | 1 |  1.0
Transmutations | 1 |  1.0
Fire Magic     | 1 |  1.0
Ice Magic      | 1 |  1.0
Air Magic      | 1 |  1.0
Earth Magic    | 1 |  1.0
Poison Magic   | 1 |  1.0
Fighting       | |  4.7
Maces & Flails | |  4.7
Throwing       | |  2.8
Armour         | |  2.8
Dodging        | |  4.7
Translocations | |  5.5

Action                   |  1- 3 |  4- 6 || total
-------------------------+-------+-------++-------
Melee: Mace              |    13 |       ||    13
       Whip              |    84 |    30 ||   114
       Bite              |     8 |     1 ||     9
Throw: Dart              |     7 |    23 ||    30
  Use: Scroll            |     1 |     4 ||     5
 Stab: Sleeping          |     1 |     2 ||     3
Armor: Leather armour    |    10 |     4 ||    14
       Fire dragon scale |     5 |       ||     5
Dodge: Dodged            |    54 |    13 ||    67
